[Event "Late-Titled-Tuesday-Blitz-August-29-2023"]
[Site "Chess.com"]
[Date "2023.08.29"]
[Round "4"]
[White "FeketeBarika"]
[Black "HajiyevKanan"]
[Result "1-0"]
[WhiteElo "2369"]
[BlackElo "2473"]
[TimeControl "180+1"]
[EndTime "14:36:19 PDT"]
[Termination "FeketeBarika won by checkmate"]

1. c4 c6 2. g3 d5 3. Bg2 Nf6 4. Nf3 g6 5. O-O Bg7 6. cxd5 cxd5 7. d4 O-O 8. Nc3 Ne4 9. Ne5 Nxc3 10. bxc3 e6 11.
Ba3 Re8 12. c4 dxc4 13. e3 Qa5 14. Nxc4 Qa6 15. Rc1 Nc6 16. Nd6 Rd8 17. Bc5 Na5 18. Ne4 b6 19. Be7 Rd5 20. Nf6+ Bxf6 21. Bxf6 Bb7 22. Bxd5 Bxd5 23. Qg4 h5 24. Qg5 Kh7 25. Rc7 Rf8 26. Be7 Re8 27. Bd6 Kg8 28. Be5 Nc6 29.
Rxc6 Bxc6 30. Qh6 f6 31. Qxg6+ Kf8 32. Qxf6+ Kg8 33. Qg7# 1-0

[Event "Late-Titled-Tuesday-Blitz-August-29-2023"]
[Site "Chess.com"]
[Date "2023.08.29"]
[Round "4"]
[White "NigelDwarf"]
[Black "WildBizon"]
[Result "1-0"]
[WhiteElo "2545"]
[BlackElo "2698"]
[TimeControl "180+1"]
[EndTime "14:36:24 PDT"]
[Termination "NigelDwarf won by checkmate"]

1. Nf3 f5 2. d3 d6 3. e4 e5 4. Nc3 Nf6 5. exf5 Bxf5 6. d4 e4 7. Nh4 Qd7 8. Bg5 Be7 9. Bc4 Nc6 10.
d5 Ne5 11. Bb5 c6 12. dxc6 bxc6 13. Bxf6 Bxf6 14. Nxf5 Qxf5 15. Qxd6 cxb5 16. Qd5 Rd8 17. Qxb5+ Kf7 18. Qb3+ Kg6 19. O-O Rd2 20. Rae1 Nf3+ 21. gxf3 exf3 22. Kh1 Qh3 23. Rg1+ Kh6 24. Ne4 Rd5 25.
Qxd5 Re8 26. Nxf6 Rxe1 27. Qg5# 1-0

[Event "Late-Titled-Tuesday-Blitz-August-29-2023"]
[Site "Chess.com"]
[Date "2023.08.29"]
[Round "4"]
[White "Machteld145"]
[Black "EsmeraldasAnderson03"]
[Result "0-1"]
[WhiteElo "2489"]
[BlackElo "2382"]
[TimeControl "180+1"]
[EndTime "14:36:27 PDT"]
[Termination "EsmeraldasAnderson03 won by resignation"]

1. e4 c5 2. Nf3 d6 3. d4 cxd4 4. Nxd4 Nf6 5. Nc3 a6 6. Bg5 e6 7. f4 Be7 8. Qf3 O-O 9. O-O-O Qc7 10. g4 b5 11. Bg2 Bb7 12. a3 Nc6 13. e5 Na5 14.
Qg3 dxe5 15. fxe5 Nd5 16. Nxd5 Bxg5+ 17. Ne3 Bxg2 18. Rhg1 Bd5 19. h4 Bxe3+ 20. Qxe3 Rac8 21. Kb1 Nc4 22. Qg5 Qxe5 23. Qc1 Qe3 24. Qxe3 Nxe3 25.
Rd3 Nxc2 26. Nxc2 Be4 27. Rc3 Rxc3 28. bxc3 Rd8 29. Re1 f5 30. Kc1 Rd3 31. Re3 Rxe3 32. Nxe3 f4 33. Nd1 Kf7 34. Kd2 e5 35. Nf2 Bf3 36.
Nd3 Kf6 37. g5+ Kf5 38. Nc5 e4 39. Nxa6 e3+ 40. Ke1 Bg4 41. Nb4 f3 42. Nd3 Ke4 43.
Nf2+ exf2+ 44. Kf1 Ke3 0-1

[Event "Late-Titled-Tuesday-Blitz-August-29-2023"]
[Site "Chess.com"]
[Date "2023.08.29"]
[Round "4"]
[White "AlexOstrovskiy"]
[Black "JerMorGurgeh"]
[Result "1-0"]
[WhiteElo "2682"]
[BlackElo "2414"]
[TimeControl "180+1"]
[EndTime "14:36:30 PDT"]
[Termination "AlexOstrovskiy won by resignation"]

1. e4 e6 2. b3 d5 3. Bb2 Nf6 4. e5 Nfd7 5. Qg4 c5 6. f4 Nc6 7.
Nf3 f5 8. Qh3 Be7 9. Nc3 O-O 10.
g4 fxg4 11. Qxg4 Nb6 12. Rg1 Rf7 13. O-O-O Qf8 14. Qh5 Rf5 15. Qh3 c4 16. Ne2 Rxf4 17. Nxf4 Qxf4 18. Be2 d4 19. Rg4 Qf5 20. Nxd4 Nxd4 21.
Bxd4 Bd7 22. Rf1 1-0

[Event "Late-Titled-Tuesday-Blitz-August-29-2023"]
[Site "Chess.com"]
[Date "2023.08.29"]
[Round "4"]
[White "alexrustemov"]
[Black "rdarruda"]
[Result "1/2-1/2"]
[WhiteElo "2873"]
[BlackElo "2578"]
[TimeControl "180+1"]
[EndTime "14:36:31 PDT"]
[Termination "Game drawn by repetition"]

1. d4 Nf6 2. c4 e5 3. dxe5 Ne4 4. Nf3 Nc6 5. a3 d6 6. Qc2 d5 7. e3 Be6 8. Be2 Qe7 9. cxd5 Bxd5 10. Bc4 Bxc4 11.
Qxc4 Qc5 12. Qxc5 Nxc5 13. Nbd2 Nd3+ 14. Ke2 Ndxe5 15. Nxe5 Nxe5 16. b4 O-O-O 17. Bb2 Bd6 18. Ne4 Rhe8 19. Rhd1 f6 20. Nxd6+ Rxd6 21. Rxd6 cxd6 22.
Rc1+ Kd7 23. b5 Rc8 24. Rxc8 Kxc8 25. a4 Nc4 26. Bd4 a6 27. bxa6 bxa6 28. Kd3 Na5 29. Ke4 Kd7 30. Kd5 Nc6 31. Bc3 Ne7+ 32. Kc4 Kc6 33.
e4 d5+ 34. exd5+ Nxd5 35. Bd2 Nb6+ 36. Kb4 Nd5+ 37. Ka5 Kb7 38. g4 g6 39. h3 f5 40.
f3 h5 41. gxh5 gxh5 42. Bg5 Ka7 43. Bd2 Kb7 44. Bg5 Ka7 45. Bd2 Kb7 1/2-1/2

[Event "Late-Titled-Tuesday-Blitz-August-29-2023"]
[Site "Chess.com"]
[Date "2023.08.29"]
[Round "4"]
[White "Petukhov_Dmitry"]
[Black "Petrakejzar96"]
[Result "1-0"]
[WhiteElo "2528"]
[BlackElo "2321"]
[TimeControl "180+1"]
[EndTime "14:36:40 PDT"]
[Termination "Petukhov_Dmitry won by checkmate"]

1. e4 c5 2. c3 Nf6 3. e5 Nd5 4.
d4 cxd4 5. Nf3 Nc6 6. Bc4 Nb6 7. Bb3 d6 8. exd6 e6 9. cxd4 Bxd6 10. Nc3 O-O 11. O-O Re8 12. Re1 Ne7 13. h3 Nbd5 14.
Bg5 h6 15. Nxd5 exd5 16. Bxd5 hxg5 17. Bxf7+ Kxf7 18. Nxg5+ Kg6 19. h4 Nd5 20. Qf3 Rxe1+ 21. Rxe1 Nf6 22. Qe3 Bg4 23. f3 Bg3 24. fxg4 Bxe1 25.
Qd3+ Ne4 26. Qxe4+ Kf6 27. Qe6# 1-0

[Event "Late-Titled-Tuesday-Blitz-August-29-2023"]
[Site "Chess.com"]
[Date "2023.08.29"]
[Round "4"]
[White "Andreikka"]
[Black "Rutricks"]
[Result "1-0"]
[WhiteElo "3024"]
[BlackElo "2616"]
[TimeControl "180+1"]
[EndTime "14:36:43 PDT"]
[Termination "Andreikka won by resignation"]

1. Nf3 g6 2. g3 Bg7 3. d4 Nf6 4.
Bg2 O-O 5. O-O d6 6. b3 Nbd7 7. Bb2 c5 8. c4 Rb8 9. Nc3 a6 10.
dxc5 Nxc5 11. Nd4 Bd7 12. Rc1 b5 13. cxb5 axb5 14. b4 Ne6 15. Nc6 Bxc6 16. Bxc6 Ng4 17. Qd2 Nd4 18. Bg2 Ne5 19. Nd5 Ne6 20. Bxe5 Bxe5 21.
e3 Qd7 22. Rc6 Qa7 23. Rfc1 Rfe8 24. h4 Kf8 25. R1c2 Bg7 26. Bh3 Nd8 27. Rc7 Qa3 28. Bd7 Ne6 29. Bxe8 Rxe8 30. Rc8 Qa6 31. Rxe8+ Kxe8 32. Rc7 Nxc7 33. Nxc7+ 1-0

[Event "Late-Titled-Tuesday-Blitz-August-29-2023"]
[Site "Chess.com"]
[Date "2023.08.29"]
[Round "4"]
[White "rochaaaaaaaaaa"]
[Black "Valeron87"]
[Result "0-1"]
[WhiteElo "2235"]
[BlackElo "2450"]
[TimeControl "180+1"]
[EndTime "14:36:46 PDT"]
[Termination "Valeron87 won by checkmate"]

1. e4 c5 2. Nf3 Nc6 3. d4 cxd4 4. Nxd4 Nf6 5. Nc3 e5 6. Ndb5 d6 7. Nd5 Nxd5 8. exd5 Nb8 9. c4 Be7 10. Bd3 a6 11.
Nc3 O-O 12. O-O f5 13. f3 Nd7 14. a3 b6 15. Kh1 Kh8 16. b4 Bg5 17. Qc2 Bxc1 18.
Raxc1 e4 19. fxe4 f4 20. e5 Nxe5 21. Bxh7 Qh4 22. Be4 Ng4 23. h3 Ne3 24. Qd2 Nxf1 25. Rxf1 Bd7 26. Ne2 Rae8 27. Qd3 Re5 28. Nd4 Rfe8 29.
Nf3 Qh6 30. Nxe5 Rxe5 31. Qf3 g5 32. Bc2 Re3 33. Qf2 Bxh3 34. gxh3 Rxh3+ 35. Kg1 Rh1+ 36. Kg2 Qh3# 0-1

[Event "Late-Titled-Tuesday-Blitz-August-29-2023"]
[Site "Chess.com"]
[Date "2023.08.29"]
[Round "4"]
[White "Kacparov"]
[Black "IlanSchnaider"]
[Result "1-0"]
[WhiteElo "2925"]
[BlackElo "2698"]
[TimeControl "180+1"]
[EndTime "14:36:47 PDT"]
[Termination "Kacparov won by resignation"]

1. e4 c5 2. Nf3 d6 3. d4 cxd4 4. Nxd4 Nf6 5. f3 e5 6. Nb3 a5 7. Bb5+ Bd7 8. Bxd7+ Nbxd7 9. a4 Be7 10. Nc3 O-O 11.
Be3 Rc8 12. Qd3 Nh5 13. O-O-O Bg5 14. Bxg5 Qxg5+ 15. Qd2 Nf4 16. g3 Ne6 17. Qxg5 Nxg5 18. Rxd6 Nf6 19. Rf1 Ra8 20. Rb6 Ne6 21. Rxb7 Rfd8 22.
Rb5 Nd4 23. Rxe5 Nc6 24. Rc5 Nb4 25. Rxa5 Rac8 26. Rb5 Rc4 27. Rd1 Rdc8 28. Rd4 h5 29. Rxb4 1-0

[Event "Late-Titled-Tuesday-Blitz-August-29-2023"]
[Site "Chess.com"]
[Date "2023.08.29"]
[Round "4"]
[White "FedaMaster"]
[Black "MusicCityMaster"]
[Result "1-0"]
[WhiteElo "2684"]
[BlackElo "2451"]
[TimeControl "180+1"]
[EndTime "14:36:50 PDT"]
[Termination "FedaMaster won by resignation"]

1. e4 c5 2. d4 cxd4 3. c3 Nf6 4. e5 Nd5 5. Nf3 e6 6. cxd4 b6 7. Nc3 Nxc3 8. bxc3 Qc7 9. Bd2 Bb7 10. Bd3 d6 11. O-O Nd7 12. Ng5 dxe5 13. Qh5 Nf6 14.
Bb5+ Kd8 15. Nxf7+ Ke7 16. Bg5 g6 17. Qh4 Kxf7 18.
Bxf6 Bg7 19. dxe5 Bd5 20. c4 Bb7 21. Rad1 Bc8 22. Bxg7 Kxg7 23. Qf6+ Kg8 24. Rd8+ Qxd8 25. Qxd8+ Kg7 26. Qf6+ Kg8 27. Rd1 Bb7 28. Rd7 1-0

[Event "Late-Titled-Tuesday-Blitz-August-29-2023"]
[Site "Chess.com"]
[Date "2023.08.29"]
[Round "4"]
[White "KrokerGuy"]
[Black "ashookk"]
[Result "1-0"]
[WhiteElo "2498"]
[BlackElo "2357"]
[TimeControl "180+1"]
[EndTime "14:36:51 PDT"]
[Termination "KrokerGuy won by checkmate"]

1. e4 e6 2. d4 d5 3. Nc3 Bb4 4.
e5 c5 5. a3 Bxc3+ 6. bxc3 Ne7 7. Qg4 O-O 8. Bd3 Nbc6 9. Qh5 Ng6 10. Nf3 Qc7 11. Ng5 h6 12. Nf3 Nce7 13. Bxh6 c4 14. Ng5 Nf4 15. Bh7+ Kh8 16. Nxf7+ Rxf7 17. Qxf7 gxh6 18. g3 Nh5 19. Bg6 Qd8 20. Qh7# 1-0

[Event "Late-Titled-Tuesday-Blitz-August-29-2023"]
[Site "Chess.com"]
[Date "2023.08.29"]
[Round "4"]
[White "Doudou2015"]
[Black "Quattroporte300"]
[Result "0-1"]
[WhiteElo "2172"]
[BlackElo "2390"]
[TimeControl "180+1"]
[EndTime "14:36:51 PDT"]
[Termination "Quattroporte300 won by checkmate"]

1. b3 e5 2. Bb2 Nc6 3. e3 Nf6 4. Bb5 Bd6 5. Nf3 Qe7 6. d4 e4 7. Nfd2 O-O 8. Nc3 a6 9. Be2 Re8 10. g4 Bb4 11. Rg1 Bxc3 12. Bxc3 d5 13. Qc1 b5 14. a3 Be6 15. Qb2 Nd7 16. O-O-O Reb8 17. f3 a5 18. Qa1 b4 19. Bb2 exf3 20. Nxf3 a4 21.
bxa4 Rxa4 22. Kd2 bxa3 23. Bc3 Na5 24. h3 a2 25. Bd3 Nb6 26. Ne5 f6 27. Bxa5 fxe5 28.
Bxb6 Rxb6 29. dxe5 Ra3 30. Qd4 c5 31. Qf4 c4 32.
Be2 Qb4+ 33. c3 Qxc3# 0-1

[Event "Late-Titled-Tuesday-Blitz-August-29-2023"]
[Site "Chess.com"]
[Date "2023.08.29"]
[Round "4"]
[White "Road2GM3000"]
[Black "misterlamine"]
[Result "1-0"]
[WhiteElo "2506"]
[BlackElo "2366"]
[TimeControl "180+1"]
[EndTime "14:36:52 PDT"]
[Termination "Road2GM3000 won by resignation"]

1. d4 Nf6 2. c4 g6 3. Nc3 Bg7 4. e4 d6 5. f4 O-O 6. Nf3 c5 7. d5 e6 8. Be2 exd5 9. exd5 Re8 10. O-O Bf5 11. Bd3 Bxd3 12. Qxd3 a6 13. a4 Nbd7 14. f5 Ng4 15. Bg5 f6 16. Bf4 g5 17. Bxd6 Qb6 18.
Bg3 Qxb2 19. Rfb1 Re3 20. Rxb2 Rxd3 21. Ne4 Re3 22. Nd6 b6 23. a5 bxa5 24. Rb7 Nde5 25. Nxe5 Nxe5 26. Bxe5 Rxe5 27. Rxa5 Bf8 28. Rb6 Re1+ 29.
Kf2 Rc1 30. Ne4 Rc2+ 31. Kf3 Be7 32. Nxf6+ Bxf6 33. Rxf6 Rxc4 34. Rfxa6 Rxa6 35. Rxa6 Rd4 36. d6 c4 37. Rc6 Rf4+ 38. Ke3 Rxf5 39. d7 Rd5 40.
Rc8+ Kf7 41. d8=Q 1-0

[Event "Late-Titled-Tuesday-Blitz-August-29-2023"]
[Site "Chess.com"]
[Date "2023.08.29"]
[Round "4"]
[White "nihalsarin"]
[Black "tptagain"]
[Result "1-0"]
[WhiteElo "3126"]
[BlackElo "2888"]
[TimeControl "180+1"]
[EndTime "14:36:56 PDT"]
[Termination "nihalsarin won by resignation"]

1. Nf3 d5 2. b3 c6 3. Bb2 Bg4 4. e3 Nd7 5. c4 e6 6. h3 Bh5 7. d4 Ngf6 8. Nbd2 Bd6 9. Bd3 O-O 10. O-O a5 11. a3 Qe7 12. Qc2 Bg6 13. Bxg6 hxg6 14.
e4 dxe4 15. Nxe4 Nxe4 16. Qxe4 c5 17. d5 e5 18. Rfe1 f5 19. Qh4 Qxh4 20. Nxh4 Kf7 21. Nf3 Rfe8 22. Ng5+ Kg8 23. a4 Re7 24. Ne6 e4 25. f3 exf3 26. gxf3 Rae8 27. Kf2 Nf8 28. Nxf8 Kxf8 29. Rxe7 Rxe7 30. Rg1 Kf7 31. h4 Bf4 32. Bc1 Bxc1 33. Rxc1 Kf6 34. Re1 Rxe1 35. Kxe1 Ke5 36. Kf2 g5 37. f4+ gxf4 38. h5 Kf6 39. Kg2 g5 40. h6 Kg6 41. d6 1-0

[Event "Late-Titled-Tuesday-Blitz-August-29-2023"]
[Site "Chess.com"]
[Date "2023.08.29"]
[Round "4"]
[White "CraiggoryC"]
[Black "ajgreen"]
[Result "0-1"]
[WhiteElo "2212"]
[BlackElo "2415"]
[TimeControl "180+1"]
[EndTime "14:37:02 PDT"]
[Termination "ajgreen won on time"]

1. e4 c5 2. Nf3 e6 3. d4 cxd4 4.
Nxd4 Nc6 5. Nc3 Nf6 6. Ndb5 Bc5 7.
Bf4 O-O 8. Bc7 Qe7 9. Bd6 Bxd6 10. Qxd6 Qd8 11. O-O-O a6 12. Qa3 Qb6 13. f3 d5 14.
Nd6 dxe4 15. Ncxe4 Nxe4 16. fxe4 e5 17. Bc4 Na5 18.
Qg3 Nxc4 19. Nxc4 Qh6+ 20. Kb1 f6 21. Nb6 Rb8 22. Nd5 Be6 23. Rd3 Kf7 24. Rhd1 Qg6 25. Qe3 Rfd8 26. Qc5 Rd7 27. Nb6 Rxd3 28. Rxd3 Re8 29.
Nd5 Qxe4 30. Qc7+ Kg8 0-1

[Event "Late-Titled-Tuesday-Blitz-August-29-2023"]
[Site "Chess.com"]
[Date "2023.08.29"]
[Round "4"]
[White "psychokiller48"]
[Black "subham777"]
[Result "0-1"]
[WhiteElo "2682"]
[BlackElo "2531"]
[TimeControl "180+1"]
[EndTime "14:37:03 PDT"]
[Termination "subham777 won by resignation"]

1. d4 d5 2. c4 e6 3. Nc3 Nf6 4. Bg5 Be7 5. Nf3 O-O 6. e3 Ne4 7. Bxe7 Qxe7 8. Rc1 c6 9. Bd3 f5 10. O-O Nd7 11. Qc2 Ndf6 12. Ne5 Bd7 13. f3 Nxc3 14. Qxc3 Be8 15. b4 Rc8 16. c5 Nd7 17. a4 Nxe5 18.
dxe5 f4 19. e4 a6 20. Rfd1 Bg6 21. b5 axb5 22. axb5 dxe4 23. Bxe4 Bxe4 24. fxe4 cxb5 25. Rd6 Qg5 26. Rf1 f3 27. g3 Qh5 28. Rxe6 Qh3 29. Rxf3 Rxf3 30. Qxf3 Qxe6 0-1

[Event "Late-Titled-Tuesday-Blitz-August-29-2023"]
[Site "Chess.com"]
[Date "2023.08.29"]
[Round "4"]
[White "kleinebeer98"]
[Black "Defend1r"]
[Result "1-0"]
[WhiteElo "2759"]
[BlackElo "2546"]
[TimeControl "180+1"]
[EndTime "14:37:05 PDT"]
[Termination "kleinebeer98 won by resignation"]

1. e4 c5 2. Nf3 d6 3. d4 cxd4 4. Nxd4 Nf6 5. Nc3 a6 6. a3 e5 7.
Nf5 d5 8. Bg5 d4 9. Bxf6 gxf6 10. Nb1 Bxf5 11. exf5 h5 12. Nd2 h4 13. Ne4 Nd7 14. b4 Rc8 15. Bd3 Nb6 16. O-O Nd5 17.
f4 Nxf4 18. Rxf4 exf4 19. Qf3 Be7 20. Re1 Kf8 21. Qxf4 Qc7 22. Qg4 Qc6 23. h3 a5 24.
bxa5 Bxa3 25. Rb1 Be7 26. Rb6 Qd5 27. Qf4 Qxa5 28. Rxb7 Qe1+ 29. Kh2 Qe3 30. Qf1 Rg8 31. Qa1 Bd6+ 32. Kh1 Be5 33. Qf1 Ra8 34. Rb1 Ra3 35.
Re1 Qh6 36. Qf3 Qf4 37. Qxf4 Bxf4 38. Nxf6 Rg3 39. Re8+ Kg7 40. Nh5+ Kh6 41. Nxf4 Ra1+ 42.
Kh2 Re3 43. Rh8+ Kg5 44. Ne2 Rd1 45. Nxd4 Rexd3 46. cxd3 Rxd3 47. Nf3+ Kxf5 48. Rxh4 Kg6 49. Ne5+ Kg5 50. Rg4+ 1-0

[Event "Late-Titled-Tuesday-Blitz-August-29-2023"]
[Site "Chess.com"]
[Date "2023.08.29"]
[Round "4"]
[White "Alexander_Moskalenko"]
[Black "tteshan"]
[Result "1-0"]
[WhiteElo "2830"]
[BlackElo "2561"]
[TimeControl "180+1"]
[EndTime "14:37:09 PDT"]
[Termination "Alexander_Moskalenko won by resignation"]

1. d4 d5 2. Bg5 f6 3. Bc1 c5 4. c4 dxc4 5. d5 e6 6. e4 exd5 7. exd5 Bd6 8. Bxc4 Ne7 9. Nc3 a6 10. a4 Bf5 11. Nge2 O-O 12. O-O Nd7 13. Nf4 Ne5 14.
Ba2 Kh8 15. Ne6 Bxe6 16. dxe6 Qc7 17. Ne4 Rad8 18. Nxd6 Rxd6 19. Qh5 c4 20. f4 Nd3 21.
Qe2 Qb6+ 22. Be3 Rxe6 23. Bxb6 Rxe2 24. Bxc4 Rxb2 25. a5 Nb4 26. Rad1 Nec6 27. Rd7 Re8 28. Rxb7 h6 29. Rc7 Rc2 30. Bb3 Rb2 31. Bf7 Ree2 32.
Bf2 Nd4 33. Bg6 1-0

[Event "Late-Titled-Tuesday-Blitz-August-29-2023"]
[Site "Chess.com"]
[Date "2023.08.29"]
[Round "4"]
[White "Cluke86"]
[Black "js20000"]
[Result "0-1"]
[WhiteElo "2282"]
[BlackElo "2643"]
[TimeControl "180+1"]
[EndTime "14:37:14 PDT"]
[Termination "js20000 won by checkmate"]

1. e4 Nc6 2. d4 d5 3. e5 Bf5 4. Bd3 Nxd4 5. Be3 Bxd3 6. Qxd3 Nc6 7. f4 e6 8. c3 Nh6 9. Nf3 Nf5 10. Bf2 h5 11. Nbd2 Be7 12. Nb3 a6 13. Nbd4 Ncxd4 14. cxd4 Bb4+ 15. Ke2 Qd7 16. a3 Ba5 17. b4 Bb6 18.
Rac1 Qb5 19. g3 c6 20. h3 Ke7 21. g4 hxg4 22. hxg4 Rxh1 23. Rxh1 Nh6 24. Bh4+ Kd7 25.
Rg1 Qxd3+ 26. Kxd3 a5 27. Bg5 axb4 28. axb4 Ra3+ 29.
Ke2 Rb3 30. Bxh6 gxh6 31. Rh1 Rb2+ 32. Kd3 Rxb4 33. Rxh6 c5 34. Rh7 Rb3+ 35. Ke2 cxd4 36. Rxf7+ Kc6 37. Ne1 Re3+ 38. Kd1 d3 39. g5 Ba5 40. Nxd3 Rxd3+ 41. Ke2 Rg3 42. Kf2 Rg4 43. Kf3 Rg1 44. Re7 b5 45. Rxe6+ Kc5 46. g6 Bd2 47. f5 b4 48. Re8 b3 49. Rb8 Bb4 50. e6 b2 51. e7 b1=Q 52. e8=Q Qxf5+ 53. Ke2 Re1# 0-1

[Event "Late-Titled-Tuesday-Blitz-August-29-2023"]
[Site "Chess.com"]
[Date "2023.08.29"]
[Round "4"]
[White "Dhaydon19"]
[Black "secretsuperstar7"]
[Result "1-0"]
[WhiteElo "2653"]
[BlackElo "2390"]
[TimeControl "180+1"]
[EndTime "14:37:15 PDT"]
[Termination "Dhaydon19 won by checkmate"]

1. d4 d5 2. Nc3 Nf6 3. Bf4 a6 4. e3 e6 5. Bd3 c5 6. g4 c4 7. Be2 Bb4 8. f3 Nc6 9. Qd2 b5 10. a3 Ba5 11. b4 cxb3 12. cxb3 b4 13. axb4 Bxb4 14. Bd3 Qb6 15. Nge2 Na5 16. Qa2 Bd7 17. Kf2 O-O 18. Rhc1 Rfc8 19. Na4 Bxa4 20. Qxa4 Bd2 21.
Rxc8+ Rxc8 22. Rb1 Ne8 23. g5 Nd6 24. h4 Nb5 25. Ra1 h5 26. gxh6 g6 27. h5 gxh5 28.
Rg1+ Kf8 29. h7 Ke7 30. Rg8 Bxe3+ 31. Bxe3 Nc3 32. Qa3+ Kd7 33. Rxc8 Nd1+ 34. Ke1 Nxe3 35. h8=Q Ng2+ 36. Kf2 Nf4 37. Qe8# 1-0

[Event "Late-Titled-Tuesday-Blitz-August-29-2023"]
[Site "Chess.com"]
[Date "2023.08.29"]
[Round "4"]
[White "Garmendiarov"]
[Black "SRob2003"]
[Result "0-1"]
[WhiteElo "2324"]
[BlackElo "2643"]
[TimeControl "180+1"]
[EndTime "14:37:16 PDT"]
[Termination "SRob2003 won by resignation"]

1. e4 c6 2. d4 d5 3. e5 c5 4.
Nf3 Bg4 5. dxc5 Nc6 6. c3 a5 7. Bb5 e6 8. Be3 Qc7 9. Bd4 Ne7 10. Nbd2 Ng6 11. h3 Bxf3 12. Nxf3 Be7 13. O-O O-O 14. Re1 Na7 15. Bd3 Bxc5 16. g3 Bxd4 17. cxd4 Qb6 18.
Qd2 Nc6 19. h4 Nxd4 20. Nxd4 Qxd4 21. h5 Nxe5 22. Bxh7+ Kxh7 23. Qe2 f6 24. Rad1 Qb6 25. Kg2 Rac8 26. Rh1 Qb4 27. h6 Qe4+ 28. Qxe4+ dxe4 29. hxg7+ Kxg7 30. Rd6 Rc6 31. Rd4 f5 32. b4 Nf3 33.
Rd7+ Rf7 34. Rxf7+ Kxf7 35. Rh7+ Kf6 36. Rxb7 axb4 37.
Rxb4 Rc2 38. a4 Ne5 39. Rb5 Nd3 40. a5 Rxf2+ 41. Kg1 Ra2 42. Kf1 e3 43. g4 e2+ 0-1

[Event "Late-Titled-Tuesday-Blitz-August-29-2023"]
[Site "Chess.com"]
[Date "2023.08.29"]
[Round "4"]
[White "wgraif"]
[Black "rachidhuilda"]
[Result "0-1"]
[WhiteElo "2527"]
[BlackElo "2363"]
[TimeControl "180+1"]
[EndTime "14:37:21 PDT"]
[Termination "rachidhuilda won on time"]

1. e4 d5 2. d4 dxe4 3. Nc3 e5 4. Qh5 exd4 5. Bc4 Qe7 6. Bg5 Nf6 7. Bxf6 Qxf6 8.
Nxe4 Qe7 9. O-O-O g6 10. Qe2 Be6 11. Bxe6 fxe6 12. Nf3 Nc6 13. Nxd4 Bg7 14. Nxc6 bxc6 15. Rhe1 O-O 16. Nd2 Rab8 17. Nb3 Qf6 18. Qxe6+ Qxe6 19. Rxe6 Rxf2 20. Rd2 Bh6 21. c3 Rd8 0-1

[Event "Late-Titled-Tuesday-Blitz-August-29-2023"]
[Site "Chess.com"]
[Date "2023.08.29"]
[Round "4"]
[White "miraitrunks"]
[Black "b_6"]
[Result "0-1"]
[WhiteElo "2029"]
[BlackElo "2472"]
[TimeControl "180+1"]
[EndTime "14:37:22 PDT"]
[Termination "b_6 won by resignation"]

1. e4 e6 2. Nc3 d5 3. Nf3 Nf6 4. e5 Nfd7 5. d4 c5 6. dxc5 Nc6 7. Bf4 Nxc5 8. Be2 Be7 9. O-O g5 10. Bg3 h5 11. h3 Bd7 12. Nd4 h4 13. Bh2 Nxd4 14.
Qxd4 Qb6 15. Rad1 O-O-O 16. b4 Na4 17. Nxa4 Bxa4 18. Qxb6 axb6 19. Rd4 Bd7 20. f4 gxf4 21. Rdxf4 Be8 22. Bg4 Kb8 23. Rxf7 Bxf7 24. Rxf7 Bxb4 25. Bxe6 Bc5+ 26. Kh1 Rhf8 27. Bf4 Ka7 28. g4 hxg3 29. Bxg3 Rxf7 30. Bxf7 Be7 31. e6 Rc8 32. Bg6 Rg8 0-1

[Event "Late-Titled-Tuesday-Blitz-August-29-2023"]
[Site "Chess.com"]
[Date "2023.08.29"]
[Round "4"]
[White "TheMagician"]
[Black "Walter_White_Poland"]
[Result "1/2-1/2"]
[WhiteElo "2156"]
[BlackElo "2353"]
[TimeControl "180+1"]
[EndTime "14:37:22 PDT"]
[Termination "Game drawn by repetition"]

1. d4 Nf6 2. Nf3 c5 3. c3 d5 4. e3 Nc6 5. Ne5 Qc7 6. f4 e6 7. Bd3 Bd6 8. O-O O-O 9. Nd2 Ne7 10. Qe1 Nf5 11. g4 Bxe5 12. gxf5 Bd6 13. fxe6 Bxe6 14.
Qh4 Qe7 15. Nf3 Ne4 16. Qxe7 Bxe7 17. Kg2 Bf5 18. Be2 h6 19. Bd2 Rac8 20. Rad1 a6 21. Bc1 Rfd8 22. Bd3 c4 23. Be2 f6 24. Nd2 Nxd2 25.
Bxd2 Be4+ 26. Bf3 f5 27. Bxe4 fxe4 28. Kh3 Bd6 29. Rg1 Rf8 30. Rg6 Rf6 31. Rxf6 gxf6 32. Rg1+ Kf7 33. f5 Rg8 34. Rxg8 Kxg8 35. Be1 Kf7 36. Bg3 Bxg3 37. hxg3 b5 38. Kg4 a5 39.
Kh5 Kg7 40. a3 Kh7 41. Kg4 Kg7 42. Kh5 Kh7 43. Kg4 Kg7 44. Kh5 1/2-1/2

[Event "Late-Titled-Tuesday-Blitz-August-29-2023"]
[Site "Chess.com"]
[Date "2023.08.29"]
[Round "4"]
[White "Zkid"]
[Black "HansOnTwitch"]
[Result "0-1"]
[WhiteElo "2853"]
[BlackElo "3012"]
[TimeControl "180+1"]
[EndTime "14:37:23 PDT"]
[Termination "HansOnTwitch won by resignation"]

1. e4 c5 2. Nf3 Nc6 3. Bb5 g6 4. O-O Bg7 5. c3 e5 6. d3 Nge7 7. Be3 d6 8. d4 exd4 9. cxd4 O-O 10. Nc3 cxd4 11. Nxd4 a6 12. Bc4 Ne5 13. Bb3 Ng4 14. Bf4 Ne5 15. Nc2 b5 16. Ne3 Bb7 17. Ncd5 N7c6 18.
a3 Nd4 19. Ba2 Rc8 20. Kh1 Nc4 21. Bxc4 bxc4 22. Rc1 f5 23. exf5 Bxd5 24. Nxd5 Rxf5 25.
Ne3 Rxf4 26. Nxc4 Qf6 27. Qd3 Rxf2 28. Nb6 Rxc1 29. Rxc1 h5 30. Qxa6 Ne2 0-1

[Event "Late-Titled-Tuesday-Blitz-August-29-2023"]
[Site "Chess.com"]
[Date "2023.08.29"]
[Round "4"]
[White "Laico"]
[Black "AleksandraMilovic"]
[Result "1-0"]
[WhiteElo "2430"]
[BlackElo "2136"]
[TimeControl "180+1"]
[EndTime "14:37:24 PDT"]
[Termination "Laico won by resignation"]

1. e4 c5 2. Nc3 e6 3. f4 d5 4. Nf3 Nc6 5. Bb5 d4 6. Bxc6+ bxc6 7. Ne2 Nf6 8. d3 Be7 9. b3 O-O 10. O-O Qc7 11. a4 a5 12. Qe1 Nd7 13. Ba3 f5 14.
Nfxd4 fxe4 15. Nxe6 Qd6 16. Nxf8 Nxf8 17. dxe4 Ba6 18. c4 Rb8 19. Rb1 Qd3 20. Nc3 Ne6 21. Rf3 Qc2 22. Qd1 Qxd1+ 23. Nxd1 Nd4 24. Rd3 Bxc4 25.
Rxd4 cxd4 26. Bxe7 Bd3 27. Rb2 Re8 28. Nf2 Ba6 29.
Bc5 d3 30. Rd2 Rd8 31. Bb6 Rb8 32. Bxa5 Rxb3 33. Nd1 c5 34. Kf2 c4 35. Ke3 Ra3 36.
Nc3 Ra1 37. Kd4 Rf1 38. g3 Rc1 39. Kc5 Rc2 40. Rxc2 dxc2 41. Na2 c3 42. Bxc3 Bd3 43. Kd4 Ba6 44. Bb2 Bb7 45. Nb4 1-0

[Event "Late-Titled-Tuesday-Blitz-August-29-2023"]
[Site "Chess.com"]
[Date "2023.08.29"]
[Round "4"]
[White "schachlana"]
[Black "merinasian"]
[Result "1-0"]
[WhiteElo "2298"]
[BlackElo "2439"]
[TimeControl "180+1"]
[EndTime "14:37:25 PDT"]
[Termination "schachlana won by checkmate"]

1. e4 d6 2. d4 Nd7 3. Nc3 g6 4. f4 Bg7 5. Nf3 c5 6. Be3 cxd4 7. Nxd4 Ngf6 8. Be2 O-O 9. O-O a6 10. a4 Nc5 11. Bf3 Qc7 12. Kh1 e5 13. fxe5 dxe5 14. Nb3 Nxb3 15. cxb3 Be6 16. Nd5 Bxd5 17. exd5 e4 18.
Be2 Qe5 19. Bd4 Qd6 20. Bc4 h5 21. Qd2 Ng4 22. g3 Bxd4 23. Qxd4 f5 24. Rad1 Rae8 25. Rde1 h4 26. h3 Ne5 27. Qe3 hxg3 28. Qxg3 b5 29. Be2 Qxd5 30. Rd1 Nd3 31. Qxg6+ Kh8 32. Qh6+ Kg8 33.
Rg1+ Kf7 34. Rg7# 1-0

[Event "Late-Titled-Tuesday-Blitz-August-29-2023"]
[Site "Chess.com"]
[Date "2023.08.29"]
[Round "4"]
[White "Schwindle"]
[Black "Lion_DL"]
[Result "1-0"]
[WhiteElo "2406"]
[BlackElo "2503"]
[TimeControl "180+1"]
[EndTime "14:37:26 PDT"]
[Termination "Schwindle won by resignation"]

1. e4 c5 2. Nf3 e6 3. d4 cxd4 4.
Nxd4 a6 5. Bd3 Nf6 6. Nc3 Qc7 7.
O-O Nc6 8. Nb3 b5 9. a3 Bb7 10. f4 d6 11. Kh1 Be7 12. Qe2 O-O 13. Rf3 b4 14. Na4 Na5 15. Nxa5 Qxa5 16. axb4 Qxb4 17. Bd2 Qd4 18. Bc3 Qa7 19. Rh3 Bc6 20. e5 Ne4 21.
Bxe4 Bxe4 22. Qxe4 g6 23. exd6 Bxd6 24. f5 exf5 25. Qh4 f6 26. Bxf6 Rae8 27. Qc4+ Qf7 28. Qxf7+ Rxf7 29. Bc3 Re4 30. Rd3 1-0